 Dungeon Sprint DCSS version 0.31-a0-210-gccc998df9b (webtiles) character file.

Game seed: 2565385330246845766

370980 123456 the Conqueror (level 17, -7/191 HPs)
             Began as a Minotaur Fighter on June 29, 2023.
             Was an Initiate of Gozag.
             Killed by an exploding ball lightning (36 damage)
             ... in the Dungeon (Sprint IX: "|||||||||||||||||||||||||||||").
             The game lasted 00:32:20 (13087 turns).

123456 the Conqueror (Minotaur Fighter)            Turns: 13087, Time: 00:32:22

Health: -7/191     AC: 36    Str: 29    XL:     17   Next: 69%
Magic:  14/14      EV: 25    Int:  8    God:    Gozag
Gold:   486        SH:  0    Dex: 16    Spells: 16/16 levels left

rFire   + + .        y - +7 great mace of the Threshing Rat {flame, rF++}
rCold   + . .        (shield currently unavailable)
rNeg    . . .        L - +8 ice dragon scales of Salvation {rF- rC++ Dex+2}
rPois   .            (helmet restricted)
rElec   .            n - +2 cloak {rCorr}
rCorr   +            x - +2 pair of gloves
SInv    .            a - +2 pair of boots
Will    +....        c - amulet of Vitality {RegenMP++ Regen++}
Stlth   ++++++++     q - +3 ring of strength
HPRegen 2.11/turn    R - +3 ring of slaying
MPRegen 0.94/turn

%: no teleportation
@: frozen, gold aura, bribing [the Dungeon], very slow
A: horns 2, retaliatory headbutt, agile 1, clever 1, deformed body, fire
resistance 1, low MP 1, cold vulnerability 1
}: 9/17 runes: decaying, serpentine, barnacled, slimy, elven, silver, golden,
abyssal, gossamer
a: Renounce Religion, Potion Petition, Call Merchant, Bribe Branch


You were in the Dungeon.
You worshipped Gozag.
Gozag was aware of your devotion.
You visited 1 branch You collected 45689 gold pieces.
You spent 9645 gold pieces at shops.
You paid 35558 gold pieces to Gozag.

Inventory:

Hand Weapons
 y - the +7 great mace of the Threshing Rat (weapon) {flame, rF++}
   (You bought it in a shop in the Dungeon)

   rF:        It greatly protects you from fire.
 J - a +9 eveningstar of freezing
Missiles
 I - a throwing net
Armour
 a - a +2 pair of boots (worn)
 e - the +5 Storm Queen's Shield {shock, Fly rElec}
   (You bought it in a shop in the Dungeon)

   Shock:     When it blocks an attack, it may electrocute the attacker.
   This works even against foes who are a short distance away.
   rElec:     It insulates you from electricity.
   Fly:       It grants you flight.
 n - a +2 cloak of preservation (worn)
 s - a +1 tower shield
 x - a +2 pair of gloves (worn)
 z - a +3 plate armour of willpower
 C - a +2 plate armour of fire resistance
 K - a +8 plate armour of ponderousness
 L - the +8 ice dragon scales of Salvation (worn) {rF- rC++ Dex+2}
   (You bought it in a shop in the Dungeon)

   Dex:       It affects your dexterity (+2).
   rF:        It makes you vulnerable to fire.
   rC:        It greatly protects you from cold.
Jewellery
 c - the amulet of Vitality (around neck) {RegenMP++ Regen++}
   (You bought it in a shop in the Dungeon)

   [amulet of magic regeneration]

   It increases your rate of magic regeneration.
   Regen:     It increases your rate of health regeneration.
 o - a ring of willpower
 p - a ring of see invisible
 q - a +3 ring of strength (left hand)
 r - a +3 ring of intelligence
 D - a +2 ring of slaying
 E - a +6 ring of dexterity
 F - a ring of wizardry
 G - an amulet of regeneration
 H - a +2 ring of slaying
 O - a ring of wizardry
 P - the ring of Sunlight {Will+ Str+2}
   (You found it in the Dungeon)

   [ring of willpower]

   Str:       It affects your strength (+2).
   Will:      It increases your willpower.
 Q - the ring of Ozes {rElec rN+ Dex+3}
   (You found it in the Dungeon)

   [ring of dexterity]

   Dex:       It affects your dexterity (+3).
   rElec:     It insulates you from electricity.
   rN:        It protects you from negative energy.
 R - a +3 ring of slaying (right hand)
 S - the ring "Ujuabb" {Will++ MP+9 AC+3}
   (You found it in the Dungeon)

   [ring of protection]

   AC:        It affects your AC (+3).
   MP:        It affects your magic capacity (+9).
   Will:      It greatly increases your willpower.
 T - the amulet "Faucitt" {Faith Fly}
   (You found it in the Dungeon)

   [amulet of faith]

   It allows you to gain divine favour quickly.
   Fly:       It grants you flight.
Wands
 m - a wand of acid (14)
 N - a wand of iceblast (7)
Scrolls
 j - 4 scrolls of blinking
 t - 3 scrolls of fog
 u - 7 scrolls of fear
 w - 4 scrolls of identify
 A - 7 scrolls of enchant armour
Potions
 b - a potion of brilliance
 d - 2 potions of might
 f - 9 potions of heal wounds
 g - 10 potions of haste
 h - 9 potions of magic
 i - 2 potions of berserk rage
 k - a potion of invisibility
 l - a potion of cancellation {unknown}
 B - a potion of enlightenment {unknown}
 U - 2 potions of resistance
 V - 3 potions of curing
Miscellaneous
 v - the horn of Geryon
 M - a phantom mirror


   Skills:
 O Level 27 Fighting
 O Level 27 Maces & Flails
 O Level 27 Armour
 O Level 27 Dodging
 O Level 27 Stealth
 + Level 3.6 Shields
 + Level 20.9 Evocations


You had 16 spell levels left.
You didn't know any spells.
Your spell library contained the following spells:

 Spells                   Type           Power      Damage    Failure   Level
 Ensorcelled Hibernation  Hex/Ice        0%         N/A       67%         2
 Spider Form              Tmut/Pois      0%         N/A       88%         3
 Anguish                  Hex/Necr       0%         N/A       99%         4


Dungeon Overview and Level Annotations

Branches:
Dungeon (1/1)

Altars:
Cheibriados
Dithmenos
Elyvilon
Fedhas
Gozag
Hepliaklqana
Kikubaaqudgha
Makhleb
Nemelex Xobeh
Okawaru
Qazlal
Ru
Sif Muna
Trog
Uskayaw
Vehumet
Wu Jian
Xom
Yredelemnul
Zin
The Shining One
Jiyva
Lugonu

Shops:
D [=(*[[([[(*=[

Annotations:
D Asmodeus, Lom Lobon


Innate Abilities, Weirdness & Mutations

You have a pair of horns on your head.
You reflexively headbutt those who attack you in melee.
You are agile. (Dex +4, Str/Int -1)
Your mind is acute. (Int +4, Str/Dex -1)
Armour fits poorly on your strangely shaped body.
Your flesh is heat resistant. (rF+)
Your magical capacity is low. (-10% MP)
You are vulnerable to cold. (rC-)


Message History

Anything else - Cancel.
Gang up on whom?
Press: ? - help, Dir - move target, f/p - Lom Lobon
Aim: Lom Lobon (freezing vapour, heavily wounded, surrounded by restless winds) Attack!
Lom Lobon gestures. 3 ball lightnings come into view.
The winds around Lom Lobon calm down.
The ball lightning explodes!
The blast of lightning engulfs the ball lightning.
The ball lightning completely resists.
The blast of lightning engulfs you!
The ball lightning explodes!
The blast of lightning engulfs you!!
Lom Lobon gestures. 3 ball lightnings come into view.
The ball lightning explodes!
The blast of lightning engulfs the ball lightning.
The ball lightning completely resists.
The blast of lightning engulfs Lom Lobon.
Lom Lobon completely resists.
The blast of lightning engulfs you!!!
The blast of lightning engulfs the ball lightning.
The ball lightning completely resists.
Lom Lobon gestures at you.
Lom Lobon conjures a mighty blast of ice!
The great icy blast engulfs the ball lightning!!
The ball lightning partially resists.
The great icy blast engulfs you!!! You partially resist.
* * * LOW HITPOINT WARNING * * *
You are encased in ice.
The ball lightning explodes!
The blast of lightning engulfs the ball lightning shaped block of ice!!!
The ball lightning shaped block of ice is destroyed!
The blast of lightning engulfs Lom Lobon.
Lom Lobon completely resists.
The blast of lightning engulfs the ball lightning.
The ball lightning completely resists.
The blast of lightning engulfs the ball lightning.
The ball lightning completely resists.
The blast of lightning engulfs you!!!
You die...
Your body crumbles into a pile of gold. ▓▓▓▓▓▓▓▓▓▓▓▓▓▓▓▓▓▓▓▓▓▓▓▓▓▓ ▓.ei.ieeeHHHHHHHHMHM.HHMMM ▓.▓▓▓▓▓▓▓▓▓▓▓▓▓▓▓▓▓▓▓▓▓▓▓▓ ▓°°**&○§§@§☼.............. ▓▓▓▓▓▓▓▓▓▓▓▓▓▓▓▓▓▓▓▓▓▓▓▓▓▓ ▓ieeeHHH.HHHHHHHHHHHHHHHHH

▓.▓▓▓▓▓▓▓▓▓▓▓▓▓▓▓▓▓▓▓▓▓▓▓▓
▓...e.ei.i..i..i..i..i..i.
▓▓▓▓▓▓▓▓▓▓▓▓▓▓▓▓♣♣♣♣♣♣♣♣♣♣
▓...'...)VL)*LV.)eiiie.)i.
▓.▓▓▓▓▓▓▓▓▓▓▓▓▓▓♣♣♣♣♣♣♣♣♣♣
▓.*.......................


You could see Lom Lobon (unaware) and 2 ball lightnings.

Vanquished Creatures
  2 orbs of fire (D)
  An ancient lich (D)
  Mennas (D)
  Frederick (D)
  Margery (D)
  Saint Roka (D)
  Xtahua (D)
  Geryon (D)
  A bone dragon (D)
  11 Orb Guardians (D)
  A quicksilver dragon (D)
  Frances (D)
  6 acid blobs (D)
  2 azure jellies (D)
  6 shadow dragons (D)
  3 nagarajas (D)
  A rockslime (D)
  A fire giant (D)
  8 emperor scorpions (D)
  2 frost giants (D)
  3 ghost moths (D)
  Aizul (D)
  An orc warlord (D)
  Louise (D)
  2 vault wardens (D)
  An ironbound preserver (D)
  A war gargoyle (D)
  2 very ugly things (D)
  Nessos (D)
  6 stone giants (D)
  A formless jellyfish (D)
  A red draconian (D)
  3 vampire knights (D)
  2 purple draconians (D)
  A white draconian (D)
  A starcursed mass (D)
  2 black draconians (D)
  2 spark wasps (D)
  2 yellow draconians (D)
  2 ettins (D)
  An entropy weaver (D)
  3 fire dragons (D)
  2 merfolk impalers (D)
  4 vault guards (D)
  A merfolk javelineer (D)
  A rakshasa (D)
  A great orb of eyes (D)
  4 hydras (D)
  A death knight (D)
  5 ice dragons (D)
  2 ogre magi (D)
  A merfolk aquamancer (D)
  3 boulder beetles (D)
  A centaur warrior (D)
  A catoblepas (D)
  A tengu warrior (D)
  A two-headed ogre (D)
  A deep troll shaman (D)
  2 demonic crawlers (D)
  A naga warrior (D)
  An orc high priest (D)
  A spriggan berserker (D)
  4 hell knights (D)
  An iron troll (shapeshifter) (D)
  A pharaoh ant (D)
  A goliath frog (D)
  2 sea snakes (D)
  6 swamp dragons (D)
  A flayed ghost (D)
  2 ironbound convokers (D)
  A steelbarb worm (D)
  A deep elf pyromancer (D)
  2 wizards (D)
  8 orc knights (D)
  A naga ritualist (D)
  3 wolf spiders (D)
  An orc sorcerer (D)
  3 manticores (D)
  2 will-o-the-wisps (D)
  2 necromancers (D)
  4 moths of wrath (D)
  3 cyclopes (D)
  4 black mambas (D)
  A merfolk siren (D)
  3 naga magi (D)
  A cane toad (D)
  Psyche (D)
  2 tengu conjurers (D)
  4 guardian mummies (D)
  A yaktaur (shapeshifter) (D)
  A troll (D)
  3 polar bears (D)
  A hornet (D)
  2 tyrant leeches (D)
  A wind drake (D)
  A tarantella (D)
  A blink frog (D)
  2 jumping spiders (D)
  A shadow (D)
  4 wyverns (D)
  5 spriggans (D)
  A wraith (D)
  A culicivora (D)
  2 small abominations (D)
  2 yaks (D)
  A redback (D)
  An acid dragon (D)
  A naga (D)
  5 water moccasins (D)
  5 black bears (D)
  17 orc warriors (D)
  2 swamp drakes (D)
  An ice beast (D)
  2 centaurs (D)
  A wolf (D)
  A kobold brigand (D)
  A gnoll sergeant (D)
  A bullfrog (D)
  A scorpion (D)
  5 orc priests (D)
  An iron imp (D)
  An iguana (D)
  3 orc wizards (D)
  An adder (D)
  5 orcs (D)
  2 ball pythons (D)
  A goblin (D)
  A kobold (D)
  A rat (D)
282 creatures vanquished.

Vanquished Creatures (collateral kills)
  the Royal Jelly (D)
  Gloorx Vloq (D)
  A curse toe (D)
  2 electric golems (D)
  9 Orb Guardians (D)
  A lich (D)
  3 deep elf blademasters (D)
  2 quicksilver dragons (D)
  6 acid blobs (D)
  2 shadow dragons (D)
  5 azure jellies (D)
  2 rockslimes (D)
  2 deep elf sorcerers (D)
  A fire giant (D)
  2 ghost moths (D)
  A nagaraja (D)
  A very ugly thing (D)
  2 quicksilver oozes (D)
  3 vampire knights (D)
  A black draconian (D)
  A yellow draconian (D)
  A red draconian (D)
  A deep elf annihilator (D)
  A purple draconian (D)
  A deep elf death mage (D)
  9 vault guards (D)
  2 ironbound frosthearts (D)
  A hell knight (D)
  A shadow wraith (D)
  2 swamp dragons (D)
  An ironbound convoker (D)
  An orc knight (D)
  An orc sorcerer (D)
  4 moths of wrath (D)
  A vault sentinel (D)
  A guardian serpent (D)
  A guardian mummy (D)
  A merfolk (D)
  A large abomination (D)
  A spriggan (D)
  A golden eye (D)
  A naga (D)
  An orc warrior (D)
  An orc (D)
  A ball lightning (D)
86 creatures vanquished.

Vanquished Creatures (others)
  An orb of fire (D)
  6 royal mummies (D)
  A Killer Klown (D)
  An electric golem (D)
  10 Orb Guardians (D)
  A deep elf blademaster (D)
  2 liches (D)
  A deep elf master archer (D)
  2 quicksilver dragons (D)
  13 sphinxes (D)
  A death cob (D)
  A storm dragon (D)
  2 tengu reavers (D)
  2 nagarajas (D)
  Ilsuiw (D)
  A shadow dragon (D)
  2 draconian knights (D)
  2 frost giants (D)
  An iron dragon (D)
  3 draconian stormcallers (D)
  A stone giant (D)
  A black draconian (D)
  2 deep elf demonologists (D)
  An ironbound thunderhulk (D)
  2 red draconians (D)
  A green draconian (D)
  A deep elf annihilator (D)
  A blizzard demon (D)
  3 merfolk javelineers (D)
  A deep elf high priest (D)
  2 merfolk impalers (D)
  3 yaktaur captains (D)
  A mummy priest (D)
  12 vault guards (D)
  A rakshasa (D)
  A hydra (D)
  4 merfolk aquamancers (D)
  A vampire mage (D)
  A spriggan berserker (D)
  2 naga warriors (D)
  A wretched star (D)
  2 glowing orange brains (D)
  An ironbound convoker (D)
  2 lindwurms (D)
  A naga ritualist (D)
  2 harpies (D)
  A moth of wrath (D)
  2 naga magi (D)
  2 vault sentinels (D)
  A yaktaur (D)
  16 guardian mummies (D)
  A wandering mushroom (D)
  A hornet (D)
  A slime creature (D)
  6 spriggans (D)
  A neqoxec (D)
  A naga (D)
  A boggart (D)
  An orc wizard (D)
  An orc (D)
  16 ball lightnings (D)
157 creatures vanquished.

Grand Total: 525 creatures vanquished

Notes
Turn   | Place    | Note
-------+----------+-------------------------------------------
     0 | D        | 123456 the Minotaur Fighter began the quest for the Orb.
     0 | D        | Reached XP level 1. HP: 19/19 MP: 0/0
     8 | D        | Reached skill level 1 in Dodging
    34 | D        | Noticed an ice beast
    34 | D        | Noticed a centaur
    34 | D        | Noticed a scorpion
    34 | D        | Noticed an iguana
    41 | D        | Killed an ice beast
    42 | D        | Reached skill level 5 in Armour
    42 | D        | Reached XP level 2. HP: 20/34 MP: 1/1
    42 | D        | Reached XP level 3. HP: 24/39 MP: 2/2
    42 | D        | Reached XP level 4. HP: 28/47 MP: 3/3
    44 | D        | Killed a centaur
    45 | D        | Reached XP level 5. HP: 32/56 MP: 4/4
    53 | D        | Reached skill level 5 in Dodging
    56 | D        | Reached XP level 6. HP: 21/64 MP: 5/5
   222 | D        | Found a snail-covered altar of Cheibriados.
   222 | D        | Found a shadowy altar of Dithmenos.
   222 | D        | Found a white marble altar of Elyvilon.
   222 | D        | Found a blossoming altar of Fedhas.
   222 | D        | Found an opulent altar of Gozag.
   223 | D        | Found a hazy altar of Hepliaklqana.
   224 | D        | Found a viscous altar of Jiyva.
   225 | D        | Found an ancient bone altar of Kikubaaqudgha.
   226 | D        | Found a corrupted altar of Lugonu.
   227 | D        | Found a burning altar of Makhleb.
   228 | D        | Found a sparkling altar of Nemelex Xobeh.
   229 | D        | Found an iron altar of Okawaru.
   230 | D        | Became a worshipper of Gozag Ym Sagoz the Greedy
   233 | D        | Found a stormy altar of Qazlal.
   234 | D        | Found a sacrificial altar of Ru.
   235 | D        | Found a shimmering blue altar of Sif Muna.
   236 | D        | Found a bloodstained altar of Trog.
   237 | D        | Found a hide-covered altar of Uskayaw.
   238 | D        | Found a radiant altar of Vehumet.
   239 | D        | Found an ornate altar of the Wu Jian Council.
   240 | D        | Found a shimmering altar of Xom.
   241 | D        | Found a basalt altar of Yredelemnul.
   242 | D        | Found a glowing silver altar of Zin.
   243 | D        | Found a glowing golden altar of the Shining One.
   302 | D        | Noticed a wraith
   302 | D        | Noticed a shadow
   302 | D        | Noticed an orc warrior
   308 | D        | Killed a wraith
   309 | D        | Reached skill level 10 in Fighting
   309 | D        | Reached skill level 10 in Maces & Flails
   320 | D        | Killed a shadow
   321 | D        | Reached XP level 7. HP: 43/74 MP: 6/6
   534 | D        | Noticed a cyclops
   534 | D        | Noticed a cyclops
   534 | D        | Noticed a polar bear
   534 | D        | Noticed a deep elf pyromancer
   534 | D        | Noticed a troll
   534 | D        | Noticed a two-headed ogre
   536 | D        | Noticed a fire elemental
   537 | D        | Killed a cyclops
   538 | D        | Reached XP level 8. HP: 80/86 MP: 7/7
   541 | D        | Killed a cyclops
   543 | D        | a polar bear changed into a yaktaur
   543 | D        | Noticed a yaktaur (shapeshifter)
   547 | D        | Killed a yaktaur
   548 | D        | Reached skill level 10 in Armour
   560 | D        | Killed a deep elf pyromancer
   561 | D        | Reached XP level 9. HP: 36/96 MP: 8/8
   570 | D        | Killed a troll
   571 | D        | Reached skill level 15 in Fighting
   572 | D        | HP: 1/97 [two-headed ogre/+0 giant club (13)]
   575 | D        | Killed a two-headed ogre
   576 | D        | Reached skill level 15 in Maces & Flails
   967 | D        | Gained mutation: You are clumsy. (Dex -2) [potion of
                  | mutation]
   971 | D        | Noticed a black mamba
   971 | D        | Noticed a black mamba
   971 | D        | Noticed a cane toad
   977 | D        | Killed a black mamba
   978 | D        | Reached skill level 10 in Dodging
   988 | D        | Killed a black mamba
   997 | D        | Reached XP level 10. HP: 32/108 MP: 9/9
  1000 | D        | Killed a cane toad
  1280 | D        | Noticed a boulder beetle
  1326 | D        | Killed a boulder beetle
  1343 | D        | Bought the amulet of Vitality {RegenMP++ Regen++} for 1300
                  | gold pieces
  1343 | D        | Found the amulet of Vitality {RegenMP++ Regen++}
  1737 | D        | Noticed an orc high priest
  1742 | D        | Noticed an orc sorcerer
  1743 | D        | Reached XP level 11. HP: 116/121 MP: 10/10
  1761 | D        | Killed an orc high priest
  1763 | D        | Killed an orc sorcerer
  1800 | D        | Bought the +7 great mace of the Threshing Rat {flame, rF++}
                  | for 925 gold pieces
  1815 | D        | Found Zuplaiwn's Antique Armour Emporium.
  1815 | D        | Noticed an orc knight
  1815 | D        | Noticed an orc knight
  1815 | D        | Noticed an orc knight
  1816 | D        | Noticed an orc knight
  1821 | D        | Killed an orc knight
  1822 | D        | Found Xabeuch's Armour Shoppe.
  1822 | D        | Noticed an orc knight
  1822 | D        | Noticed an orc knight
  1824 | D        | Killed an orc knight
  1827 | D        | Killed an orc knight
  1829 | D        | Killed an orc knight
  1830 | D        | Noticed an orc knight
  1832 | D        | Killed an orc knight
  1833 | D        | Found Coigop's Weapon Emporium.
  1847 | D        | Killed an orc knight
  1853 | D        | Killed an orc knight
  1864 | D        | Found Oschar's Jewellery Shoppe.
  1895 | D        | Noticed an orc knight
  1903 | D        | Killed an orc knight
  1935 | D        | Bought a +1 cloak of preservation for 231 gold pieces
  1935 | D        | Bought a +3 plate armour of willpower for 630 gold pieces
  1973 | D        | Noticed Psyche
  1978 | D        | Killed Psyche
  2115 | D        | Noticed a boulder beetle
  2115 | D        | Noticed a boulder beetle
  2115 | D        | Noticed a catoblepas
  2115 | D        | Noticed a death knight
  2115 | D        | Noticed an ogre mage
  2119 | D        | Noticed a stone giant
  2121 | D        | Killed a boulder beetle
  2122 | D        | Reached skill level 15 in Armour
  2122 | D        | Noticed a frost giant
  2125 | D        | Killed a catoblepas
  2126 | D        | Noticed a fire giant
  2127 | D        | Noticed a stone giant
  2132 | D        | Killed a stone giant
  2133 | D        | Reached XP level 12. HP: 134/136 MP: 11/11
  2137 | D        | Killed a frost giant
  2138 | D        | Noticed a centaur warrior
  2145 | D        | Killed a fire giant
  2150 | D        | Killed a stone giant
  2155 | D        | Killed a boulder beetle
  2158 | D        | Killed a death knight
  2161 | D        | Killed an ogre mage
  2171 | D        | Killed a centaur warrior
  2358 | D        | Noticed Frances
  2369 | D        | Killed Frances
  2394 | D        | Noticed Nessos
  2400 | D        | Killed Nessos
  2401 | D        | Reached skill level 15 in Dodging
  2458 | D        | Noticed a formless jellyfish
  2458 | D        | Noticed a merfolk impaler
  2463 | D        | Killed a formless jellyfish
  2517 | D        | Noticed a merfolk javelineer
  2523 | D        | Killed a merfolk impaler
  2539 | D        | Killed a merfolk javelineer
  2543 | D        | Reached XP level 13. HP: 95/148 MP: 12/12
  2800 | D        | Bought a runed plate armour for 780 gold pieces
  2894 | D        | Killed a ghost moth
  3193 | D        | Noticed a stone giant
  3193 | D        | Noticed a stone giant
  3193 | D        | Noticed an ettin
  3193 | D        | Noticed an ettin
  3194 | D        | Noticed a shadow dragon
  3196 | D        | Noticed a fire dragon
  3204 | D        | Killed a stone giant
  3206 | D        | Killed a stone giant
  3209 | D        | Killed an ettin
  3213 | D        | Noticed a frost giant
  3225 | D        | Killed a shadow dragon
  3226 | D        | Noticed an iron dragon
  3226 | D        | Killed an iron dragon
  3226 | D        | Noticed a purple very ugly thing
  3228 | D        | Killed a frost giant
  3229 | D        | Killed an ettin
  3230 | D        | Killed a fire giant
  3233 | D        | Killed a fire dragon
  3236 | D        | Killed a purple very ugly thing
  3239 | D        | Reached XP level 14. HP: 87/166 MP: 13/13
  3239 | D        | Noticed a vampire knight
  3297 | D        | Noticed an ironbound preserver
  3308 | D        | Noticed an ironbound thunderhulk
  3310 | D        | Noticed an orc warlord
  3312 | D        | Noticed a vault warden
  3318 | D        | Killed an orc warlord
  3400 | D        | Noticed Frederick
  3536 | D        | Lost mutation: You are clumsy. (Dex -2) [potion of
                  | mutation]
  3536 | D        | Gained mutation: You are partially covered in iridescent
                  | scales. (AC +2) [potion of mutation]
  3536 | D        | Gained mutation: You passively map a small area around you.
                  | [potion of mutation]
  3537 | D        | Lost mutation: You are partially covered in iridescent
                  | scales. (AC +2) [potion of mutation]
  3537 | D        | Lost mutation: You passively map a small area around you.
                  | [potion of mutation]
  3537 | D        | Gained mutation: You passively map a small area around you.
                  | [potion of mutation]
  3537 | D        | Gained mutation: Armour fits poorly on your strangely
                  | shaped body. [potion of mutation]
  3538 | D        | Lost mutation: Armour fits poorly on your strangely shaped
                  | body. [potion of mutation]
  3538 | D        | Lost mutation: You passively map a small area around you.
                  | [potion of mutation]
  3538 | D        | Gained mutation: Armour fits poorly on your strangely
                  | shaped body. [potion of mutation]
  3538 | D        | Gained mutation: Your mind is acute. (Int +4, Str/Dex -1)
                  | [potion of mutation]
  3538 | D        | Gained mutation: Your flesh is heat resistant. (rF+)
                  | [potion of mutation]
  3599 | D        | Noticed Saint Roka
  3639 | D        | Noticed Ilsuiw
  3666 | D        | Got a barnacled rune of Zot
  3693 | D        | Reached skill level 27 in Fighting
  3695 | D        | Reached skill level 27 in Maces & Flails
  3748 | D        | Killed Ilsuiw
  3775 | D        | HP: 6/168 [poison (poison gas)]
  3780 | D        | HP: 4/168 [poison (poison gas)]
  3994 | D        | Got a decaying rune of Zot
  3999 | D        | Bought a potion of heal wounds for 175 gold pieces
  3999 | D        | Bought a wand of acid (3) for 441 gold pieces
  3999 | D        | Bought a wand of acid (2) for 294 gold pieces
  4003 | D        | Bought the +5 Storm Queen's Shield {shock, Fly rElec} for
                  | 1732 gold pieces
  4003 | D        | Found the +5 Storm Queen's Shield {shock, Fly rElec}
  4004 | D        | Noticed an emperor scorpion
  4004 | D        | Noticed an emperor scorpion
  4004 | D        | Noticed an emperor scorpion
  4004 | D        | Noticed an emperor scorpion
  4004 | D        | Noticed an emperor scorpion
  4004 | D        | Noticed an emperor scorpion
  4010 | D        | Killed an emperor scorpion
  4018 | D        | Killed an emperor scorpion
  4022 | D        | Killed an emperor scorpion
  4024 | D        | Killed an emperor scorpion
  4025 | D        | Noticed an emperor scorpion
  4027 | D        | Killed an emperor scorpion
  4037 | D        | Killed an emperor scorpion
  4043 | D        | Killed a ghost moth
  4053 | D        | Killed an emperor scorpion
  4054 | D        | Noticed an emperor scorpion
  4060 | D        | Killed an emperor scorpion
  4082 | D        | Got a gossamer rune of Zot
  5413 | D        | Noticed a nagaraja
  5413 | D        | Noticed a nagaraja
  5413 | D        | Noticed a nagaraja
  5413 | D        | Noticed a nagaraja
  5414 | D        | Noticed a nagaraja
  5421 | D        | Noticed a nagaraja
  5423 | D        | Got a serpentine rune of Zot
  5498 | D        | Noticed Louise
  5533 | D        | Killed Louise
  5537 | D        | Killed a nagaraja
  5636 | D        | Noticed a tengu reaver
  5636 | D        | Noticed a stone giant
  5636 | D        | Noticed a war gargoyle
  5636 | D        | Noticed a quicksilver dragon
  5638 | D        | Noticed a sphinx
  5639 | D        | Noticed a brown very ugly thing
  5640 | D        | Noticed a frost giant
  5641 | D        | Noticed a shadow dragon
  5641 | D        | Killed a stone giant
  5641 | D        | Killed a tengu reaver
  5641 | D        | Killed a quicksilver dragon
  5642 | D        | Killed a brown very ugly thing
  5644 | D        | Noticed a shadow dragon
  5644 | D        | Killed a sphinx
  5645 | D        | Noticed a tengu reaver
  5652 | D        | Killed a shadow dragon
  5656 | D        | Killed a shadow dragon
  5762 | D        | Killed a nagaraja
  5801 | D        | Killed a nagaraja
  5968 | D        | Killed a nagaraja
  6136 | D        | Noticed a shadow dragon
  6136 | D        | Noticed a fenstrider witch
  6136 | D        | Noticed a vault warden
  6136 | D        | Noticed a shadow dragon
  6257 | D        | Killed Saint Roka
  6334 | D        | Killed a nagaraja
  6429 | D        | Killed a vault warden
  6513 | D        | Killed an ironbound preserver
  6658 | D        | Killed Frederick
  6949 | D        | Killed a vampire knight
  7211 | D        | Bought the +8 ice dragon scales of Salvation {rF- rC++
                  | Dex+2} for 1509 gold pieces
  7922 | D        | Killed a shadow dragon
  7923 | D        | Reached XP level 15. HP: 136/174 MP: 14/14
  7927 | D        | Bought a phantom mirror for 1480 gold pieces
  7971 | D        | Killed a shadow dragon
  8001 | D        | Bought a brass wand for 148 gold pieces
  8048 | D        | Killed a vault warden
  8081 | D        | Noticed a lich
  8085 | D        | Killed a lich
  8094 | D        | a formless jellyfish changed into a frost giant
  8094 | D        | Noticed a frost giant (glowing shapeshifter)
  8095 | D        | a frost giant changed into an iron troll
  8115 | D        | Noticed a shadow dragon
  8121 | D        | Killed a shadow dragon
  8166 | D        | Identified the +0 plate armour of the Moon {rN+ Str+2
                  | Slay+5 Stlth+}
  8173 | D        | Got a silver rune of Zot
  8219 | D        | Noticed Xtahua
  8220 | D        | Paralysed by Xtahua for 5 turns
  8228 | D        | Killed Xtahua
  8273 | D        | Got the ring of Sunlight {Will+ Str+2}
  8275 | D        | Got the ring of Ozes {rElec rN+ Dex+3}
  8279 | D        | Got the ring "Ujuabb" {Will++ MP+9 AC+3}
  8281 | D        | Got the amulet "Faucitt" {Faith Fly}
  8360 | D        | Noticed Mennas
  8381 | D        | Killed Mennas
  8607 | D        | Noticed Aizul
  8612 | D        | Killed Aizul
  8648 | D        | Noticed Margery
  8652 | D        | Reached skill level 27 in Armour
  8658 | D        | Killed Margery
  8788 | D        | Noticed a frost giant
  8799 | D        | Killed a frost giant
  8805 | D        | Reached skill level 27 in Dodging
  8815 | D        | Reached skill level 5 in Stealth
  8853 | D        | Noticed a bone dragon
  8870 | D        | Killed a bone dragon
  8876 | D        | Reached skill level 10 in Stealth
  9156 | D        | Noticed a shadow dragon
  9160 | D        | Killed a shadow dragon
  9183 | D        | Noticed a quicksilver dragon
  9183 | D        | Noticed a tentacled monstrosity
  9184 | D        | Noticed a quicksilver dragon
  9184 | D        | Killed a quicksilver dragon
  9185 | D        | Reached XP level 16. HP: 183/183 MP: 15/15
  9191 | D        | Killed a quicksilver dragon
  9224 | D        | Noticed a shadow dragon
  9224 | D        | Noticed a death cob
  9224 | D        | Noticed a tentacled monstrosity
  9226 | D        | Killed a shadow dragon
  9227 | D        | Reached skill level 15 in Stealth
  9229 | D        | Noticed a curse toe
  9364 | D        | Noticed an Orb Guardian
  9364 | D        | Noticed an Orb Guardian
  9364 | D        | Noticed an Orb Guardian
  9364 | D        | Noticed an Orb Guardian
  9364 | D        | Noticed an Orb Guardian
  9364 | D        | Noticed an Orb Guardian
  9364 | D        | Killed an Orb Guardian
  9365 | D        | Noticed an Orb Guardian
  9367 | D        | Killed an Orb Guardian
  9371 | D        | Noticed an Orb Guardian
  9372 | D        | Noticed an Orb Guardian
  9374 | D        | Killed an Orb Guardian
  9375 | D        | Noticed an Orb Guardian
  9379 | D        | Killed an Orb Guardian
  9383 | D        | Killed an Orb Guardian
  9388 | D        | Killed an Orb Guardian
  9390 | D        | Killed an Orb Guardian
  9395 | D        | Killed an Orb Guardian
  9399 | D        | Killed an Orb Guardian
  9452 | D        | Noticed a shadow dragon
  9452 | D        | Noticed an Orb Guardian
  9452 | D        | Noticed an Orb Guardian
  9452 | D        | Noticed a quicksilver dragon
  9452 | D        | Noticed a quicksilver dragon
  9455 | D        | Noticed an Orb Guardian
  9456 | D        | Killed an Orb Guardian
  9458 | D        | Noticed an Orb Guardian
  9460 | D        | Killed a shadow dragon
  9463 | D        | Killed an Orb Guardian
  9466 | D        | Killed a quicksilver dragon
  9468 | D        | Killed a quicksilver dragon
  9470 | D        | Killed an Orb Guardian
  9473 | D        | Killed an Orb Guardian
  9570 | D        | Noticed an ancient lich
  9570 | D        | Noticed an orb of fire
  9570 | D        | Noticed an electric golem
  9580 | D        | Gained mutation: You are agile. (Dex +4, Str/Int -1) [an
                  | orb of fire]
  9584 | D        | Killed an electric golem
  9587 | D        | Gained mutation: You are vulnerable to cold. (rC-) [an orb
                  | of fire]
  9814 | D        | Killed an ancient lich
  9825 | D        | Gained mutation: Your magical capacity is low. (-10% MP)
                  | [an orb of fire]
  9839 | D        | Killed an orb of fire
  9840 | D        | Reached skill level 1 in Evocations
  9977 | D        | Noticed an Orb Guardian
  9977 | D        | Noticed an orb of fire
  9977 | D        | Noticed a storm dragon
  9977 | D        | Noticed an Orb Guardian
  9977 | D        | Noticed a Killer Klown
  9980 | D        | Killed an Orb Guardian
  9981 | D        | Noticed an orb of fire
  9981 | D        | Killed a storm dragon
  9983 | D        | Killed an Orb Guardian
  9985 | D        | Noticed an electric golem
  9986 | D        | Noticed an Orb Guardian
  9990 | D        | Noticed an electric golem
  9990 | D        | Killed an electric golem
  9991 | D        | Killed an Orb Guardian
 10000 | D        | Killed an electric golem
 10028 | D        | Noticed an Orb Guardian
 10028 | D        | Noticed an Orb Guardian
 10028 | D        | Noticed an Orb Guardian
 10028 | D        | Noticed an Orb Guardian
 10028 | D        | Noticed an Orb Guardian
 10028 | D        | Noticed an Orb Guardian
 10030 | D        | Killed an Orb Guardian
 10032 | D        | Noticed an Orb Guardian
 10032 | D        | Killed an Orb Guardian
 10033 | D        | Noticed an Orb Guardian
 10034 | D        | Noticed an Orb Guardian
 10037 | D        | Killed an Orb Guardian
 10037 | D        | Noticed an Orb Guardian
 10042 | D        | Killed an Orb Guardian
 10043 | D        | Killed an Orb Guardian
 10046 | D        | Noticed an Orb Guardian
 10052 | D        | Killed an Orb Guardian
 10052 | D        | Killed an Orb Guardian
 10052 | D        | Killed an Orb Guardian
 10059 | D        | Killed an Orb Guardian
 10060 | D        | Reached XP level 17. HP: 31/191 MP: 14/14
 10067 | D        | Noticed an Orb Guardian
 10366 | D        | Gained mutation: You are somewhat resistant to further
                  | mutation. [an orb of fire]
 10627 | D        | Lost mutation: You are somewhat resistant to further
                  | mutation. [an orb of fire]
 10629 | D        | Killed an orb of fire
 10910 | D        | Noticed a lich
 10910 | D        | Noticed an ancient lich
 10910 | D        | Noticed a lich
 10910 | D        | Noticed a lich
 10923 | D        | Killed a lich
 10960 | D        | Reached skill level 27 in Stealth
 10978 | D        | Noticed a deep elf blademaster
 10978 | D        | Noticed a deep elf blademaster
 10978 | D        | Noticed a deep elf master archer
 10978 | D        | Noticed a deep elf blademaster
 10981 | D        | Killed a deep elf blademaster
 10982 | D        | Reached skill level 5 in Evocations
 10985 | D        | Killed a deep elf blademaster
 11024 | D        | Got an elven rune of Zot
 11032 | D        | Noticed an acid blob
 11032 | D        | Noticed an acid blob
 11032 | D        | Noticed an acid blob
 11032 | D        | Noticed an acid blob
 11032 | D        | Noticed an acid blob
 11035 | D        | Noticed an acid blob
 11036 | D        | Killed an acid blob
 11040 | D        | Killed an acid blob
 11044 | D        | Killed an acid blob
 11045 | D        | Reached skill level 10 in Evocations
 11047 | D        | Killed an acid blob
 11049 | D        | Noticed the Royal Jelly
 11052 | D        | Killed an acid blob
 11054 | D        | Killed an acid blob
 11066 | D        | Killed the Royal Jelly
 11068 | D        | Killed an acid blob
 11075 | D        | Killed an acid blob
 11075 | D        | Killed an acid blob
 11084 | D        | Killed an acid blob
 11092 | D        | Killed an acid blob
 11116 | D        | Got a slimy rune of Zot
 11118 | D        | Noticed an acid blob
 11127 | D        | Killed an acid blob
 11455 | D        | Noticed a royal mummy
 11466 | D        | Noticed a royal mummy
 11466 | D        | Noticed a royal mummy
 11466 | D        | Noticed a royal mummy
 11467 | D        | Noticed a royal mummy
 11468 | D        | Noticed a royal mummy
 11484 | D        | Got a golden rune of Zot
 11659 | D        | Got an abyssal rune of Zot
 11900 | D        | Noticed Geryon
 11908 | D        | Killed Geryon
 12838 | D        | Noticed Gloorx Vloq
 12838 | D        | Noticed Lom Lobon
 12839 | D        | Found the +13 sceptre of Asmodeus
 12839 | D        | Noticed Asmodeus
 12852 | D        | HP: 9/191 [??? (7)]
 12890 | D        | Killed Gloorx Vloq
 12911 | D        | Killed a royal mummy
 12914 | D        | Killed a royal mummy
 13066 | D        | Your ally spriggan baker died
 13071 | D        | Your ally spriggan baker died
 13073 | D        | Your ally spriggan baker died
 13087 | D        | Killed by an exploding ball lightning

Illustrated notes

Levels and vault maps discovered:
D:        linesprint [early_d, line_temple, items_1, d_10, items_2, lair_1,
          lair_end, items_3, orc_1, orc_end, items_4, d_15, swamp_1, shoals_1,
          snake_1, spider_1, d_20, vaults_1, items_5, swamp_end, shoals_end,
          snake_end, spider_end, vaults_end, d_27, items_6, zot_1, zot_end,
          crypt_end, forest_end, elf_end, slime_end, tomb_end, abyss_end,
          pan_hell_end]

Skill      XL: |  1  2  3  4  5  6  7  8  9 10 11 12 13 14 15 16 17 |
---------------+----------------------------------------------------+-----
Fighting       | 7 8 9 11 13 14 16 18 21 23 26 27 | 27.0
Maces & Flails | 6 8 9 11 12 14 16 18 21 23 26 27 | 27.0
Dodging        | 3 4 5 6 7 9 10 11 13 15 17 22 27 | 27.0
Armour         | 5 6 7 8 9 10 11 13 15 17 19 24 27 | 27.0
Stealth        | 13 26 27 | 27.0
Evocations     | 2 20 | 20.9
Shields        | |  3.6

Action                     |  1- 3 |  4- 6 |  7- 9 | 10-12 | 13-15 | 16-18 || total
---------------------------+-------+-------+-------+-------+-------+-------++-------
  Melee: Flail             |    18 |    13 |       |       |       |       ||    31
         Headbutt          |     3 |     6 |    13 |    56 |    94 |    37 ||   209
         Dire flail        |       |    16 |    70 |   135 |       |       ||   221
         Great mace        |       |       |       |   122 |   440 |   153 ||   715
 Invoke: Call Merchant     |       |       |       |     3 |     6 |       ||     9
         Potion Petition   |       |       |       |       |     3 |     3 ||     6
         Bribe Branch      |       |       |       |       |     3 |     5 ||     8
  Evoke: Wand              |       |       |       |       |       |     1 ||     1
    Use: Potion            |       |     1 |     1 |       |    14 |     4 ||    20
         Scroll            |       |       |       |     2 |     8 |       ||    10
   Stab: Distracted        |       |       |       |     4 |     6 |     7 ||    17
         Sleeping          |       |       |       |       |       |     2 ||     2
 Armour: Scale mail        |    14 |     4 |       |       |       |       ||    18
         Ring mail         |       |     3 |    20 |    36 |       |       ||    59
         Plate armour      |       |       |       |    29 |   172 |       ||   201
         Ice dragon scales |       |       |       |       |    80 |    29 ||   109
  Dodge: Dodged            |     4 |    18 |    34 |    90 |   209 |    73 ||   428
  Block: Buckler           |     3 |     2 |       |       |       |       ||     5

Table legend: (Time is in decaauts) A = Elapsed time spent in this place. B = Non-inter-level travel time spent in this place. C = Inter-level travel time spent in this place. D = Time resting spent in this place. E = Time spent auto-exploring this place. F = Levels seen in this place. G = Mean time per level. A B C D E F G +--------+--------+--------+--------+--------+-----+--------+ Total | 12803 | 11354 | 1449 | 5030 | 3153 | 1 | 12803.0 | Dungeon | 12803 | 11354 | 1449 | 5030 | 3153 | 1 | 12803.0 | +--------+--------+--------+--------+--------+-----+--------+

Top non-repeatable levels by time:
       D: 12803 daAuts
